 Dungeon Crawl Stone Soup version 0.31-a0-963-ga325b2283a (webtiles) character file.

Game seed: 2012841912055670938

1929 gelatine the Firebug (level 8, -2/54 (61) HPs)
             Began as a Demonspawn Fire Elementalist on Oct 24, 2023.
             Was an Initiate of Vehumet.
             Slain by Jeremiah
             ... wielding a +2 trident of draining
              (9 damage)
             ... on level 7 of the Dungeon.
             The game lasted 00:19:13 (5097 turns).

gelatine the Firebug (Demonspawn Fire Elementalist) Turns: 5097, Time: 00:19:13

HP:   -2/54 (61)    AC:  5    Str: 14    XL:     8   Next: 97%
MP:   9/16          EV: 12    Int: 20    God:    Vehumet [......]
Gold: 60            SH:  0    Dex: 13    Spells: 0/17 levels left

rFire   + . .        o - +0 rapier
rCold   . . .        (no shield)
rNeg    . . .        x - +0 robe {rF+}
rPois   .            (no helmet)
rElec   .            (no cloak)
rCorr   .            y - +2 pair of gloves {Stlth+}
SInv    .            (no boots)
Will    .....        d - amulet of magic regeneration
Stlth   ++++         p - +6 ring of strength
HPRegen 0.29/turn    (no ring)
MPRegen 0.55/turn

%: no passive effects
@: heavily drained
A: powered by death 2, demonic magic 1
a: Renounce Religion


You were on level 7 of the Dungeon.
You worshipped Vehumet.
Vehumet was noncommittal.
You visited 2 branches of the dungeon, and saw 8 of its levels.

You collected 361 gold pieces.
You spent 301 gold pieces at shops.

Inventory:

Hand Weapons
 o - a +0 rapier (weapon)
Missiles
 g - 5 datura-tipped darts
 i - a throwing net
Armour
 x - a +0 robe of fire resistance (worn)
 y - a +2 pair of gloves of stealth (worn)
Jewellery
 d - an amulet of magic regeneration (around neck)
 p - a +6 ring of strength (left hand)
Wands
 v - a wand of acid (7)
Scrolls
 f - a scroll of noise
 k - a scroll of revelation
 l - 2 scrolls of enchant armour {unknown}
 m - 5 scrolls of teleportation {unknown}
 s - a scroll of blinking {unknown}
 t - a scroll of enchant weapon {unknown}
 w - a scroll of poison {unknown}
Potions
 b - 4 potions of brilliance
 e - 5 potions of curing
 j - a potion of attraction
 n - a potion of mutation
 r - a potion of haste


   Skills:
 + Level 4.3 Fighting
 + Level 3.7 Short Blades
 * Level 2.5 Dodging
 + Level 4.5 Stealth
 * Level 5.4 Spellcasting
 * Level 3.3 Conjurations
 * Level 5.6 Fire Magic


You couldn't memorise any spells.
You knew the following spells:

 Your Spells              Type           Power      Damage    Failure   Level
a - Foxfire               Conj/Fire      92%        2x1d8     1%          1
b - Scorch                Fire           56%        2d7       1%          2
c - Inner Flame           Hex/Fire       16%        N/A       11%         3
d - Volatile Blastmotes   Fire/Tloc      32%        2d12      11%         3
e - Flame Wave            Conj/Fire      23%        2d8       17%         4
f - Sticky Flame          Conj/Fire      23%        2d4       17%         4

Your spell library contained the following spells:

 Spells                   Type           Power      Damage    Failure   Level
 Frozen Ramparts          Ice            10%        1d2       32%         3
 Fireball                 Conj/Fire      11%        3d7       43%         5
 Anguish                  Hex/Necr       2%         N/A       73%         4
 Cause Fear               Hex            2%         N/A       73%         4
 Petrify                  Tmut/Erth      5%         N/A       73%         4
 Metabolic Englaciation   Hex/Ice        2%         N/A       97%         5
 Enfeeble                 Hex            2%         N/A       100%        7
 Dragon's Call            Summ           2%         N/A       100%        9


Dungeon Overview and Level Annotations

Branches:
Dungeon (7/15)             Temple (1/1) D:6

Altars:
Ashenzari
Dithmenos
Gozag
Hepliaklqana
Kikubaaqudgha
Makhleb
Nemelex Xobeh
Okawaru
Qazlal
Ru
Sif Muna
Uskayaw
Vehumet
Wu Jian
Xom
Yredelemnul

Shops:
D:5 *   D:6 [

Annotations:
D:7 Jeremiah


Innate Abilities, Weirdness & Mutations

You regenerate health from kills.
Spells you cast may paralyse adjacent enemies.


Message History

You feel drained.
Casting: Scorch (safe; 1% risk of failure)
Confirm with . or Enter, or press ? or * to list all spells.
Flames lash the butterfly.
You kill the butterfly!
The butterfly disappears in a burst of colours!
Malevolent energies surge around you.
The sky beast suddenly stops moving!
The butterfly disappears in a burst of colours!
Jeremiah shouts, "O dreadful one, destroy my foe!"
Something smites you!
Casting: Scorch (safe; 1% risk of failure)
Confirm with . or Enter, or press ? or * to list all spells.
Flames lash the butterfly.
You kill the butterfly!
The butterfly disappears in a burst of colours!
Malevolent energies surge around you.
The butterfly disappears in a burst of colours!
Jeremiah hits you with a +2 trident of draining!
* * * LOW HITPOINT WARNING * * *
You feel drained.
* * * LOW HITPOINT WARNING * * *
Read: scroll of fear
Press: ? - help, Q - select action, (/) - cycle Dir - look around, f - activate Look: Jeremiah, wielding a +2 trident of draining, wearing a +1 robe of cold resistance and wearing an orb of energy (heavily wounded, chance to affect: 90%)
As you read the scroll of fear, it crumbles to dust.
You assume a fearsome visage.
Jeremiah easily resists.
The butterfly looks frightened!
The sky beast looks frightened!
The butterfly looks frightened! x11; The butterfly resists with some effort.
The butterfly looks frightened!
The sky beast is no longer paralysed.
Cornered, the butterfly turns to fight!
Jeremiah barely misses you.
Cornered, the butterfly turns to fight! x3
You closely miss the butterfly.
The butterfly disappears in a burst of colours! x2
Jeremiah barely misses you.
Cornered, the butterfly turns to fight! x2
The butterfly disappears in a burst of colours!
Cornered, the butterfly turns to fight! x2
Jeremiah hits you from afar with a +2 trident of draining!
You die...
Jeremiah asks, "What happened?
Did... did you die?"

#......# #......#
#......###
+.<......
#.......#######
......#<.†..#
#..#.#.#...#
#####@#.#.#######.
#bbFbb.b#.........
#bbbbb..#.#######.
#bb......########.
#.bb.b.Y.b........
########b#######..
#..# ##.#####
#.....#


You could see Jeremiah and a sky beast (fleeing).

Vanquished Creatures
  A water moccasin (D:5)
  An ice beast (D:6)
  4 black bears
  A centaur (D:6)
  2 phantoms
  2 scorpions (D:4)
  A water moccasin skeleton (D:5)
  A centaur zombie (D:5)
  2 bullfrog zombies (D:5)
  A jelly (D:5)
  5 hounds
  A centaur skeleton (D:5)
  A bullfrog skeleton (D:5)
  2 orc priests (D:5)
  4 iguanas
  5 orc wizards
  16 gnolls
  7 adders
  A shadow imp (D:5)
  An adder skeleton (D:5)
  2 worms
  2 dart slugs
  10 orcs
  5 ball pythons
  7 bats
  8 endoplasms
  2 giant cockroaches (D:4)
  6 goblins
  5 hobgoblins
  20 jackals
  13 kobolds
  4 quokkas
  5 frilled lizards
  8 rats
156 creatures vanquished.

Vanquished Creatures (others)
  498 foxfires
498 creatures vanquished.

Grand Total: 654 creatures vanquished

Notes
Turn   | Place    | Note
-------+----------+-------------------------------------------
     0 | D:1      | gelatine the Demonspawn Fire Elementalist began the quest
                  | for the Orb.
     0 | D:1      | Reached XP level 1. HP: 13/13 MP: 3/3
   232 | D:1      | Gained mutation: You regenerate a little health from kills.
                  | [demonic ancestry]
   232 | D:1      | Reached XP level 2. HP: 19/19 MP: 0/5
   449 | D:1      | Found a faded altar of an unknown god.
   847 | D:1      | Gained mutation: Spells you cast may paralyse adjacent
                  | enemies. [demonic ancestry]
   847 | D:1      | Reached XP level 3. HP: 12/24 MP: 2/6
  1144 | D:1      | Learned a level 2 spell: Scorch
  1217 | D:2      | Gained mutation: You regenerate health from kills. [demonic
                  | ancestry]
  1217 | D:2      | Reached XP level 4. HP: 8/31 MP: 4/7
  1575 | D:2      | Reached XP level 5. HP: 36/36 MP: 7/9
  2009 | D:3      | Found a basalt altar of Yredelemnul.
  2150 | D:3      | Reached skill level 1 in Fighting
  2321 | D:3      | Found a hazy altar of Hepliaklqana.
  2395 | D:3      | You fall into a shaft and drop 1 floor!
  2407 | D:4      | Reached XP level 6. HP: 43/43 MP: 6/11
  2421 | D:4      | Reached skill level 1 in Short Blades
  3153 | D:5      | Entered Level 5 of the Dungeon
  3194 | D:5      | Reached XP level 7. HP: 47/50 MP: 6/12
  3315 | D:5      | Found an opulent altar of Gozag.
  3329 | D:5      | HP: 1/51 [orc priest/nerve-wracking pain (9)]
  3523 | D:5      | Reached XP level 8. HP: 58/58 MP: 1/14
  3642 | D:4      | Reached skill level 5 in Fire Magic
  4058 | D:5      | Found Gozag's Platinum Reserve.
  4122 | D:5      | Reached skill level 5 in Spellcasting
  4432 | D:6      | Found a staircase to the Ecumenical Temple.
  4445 | Temple   | Entered the Ecumenical Temple
  4458 | Temple   | Became a worshipper of Vehumet
  4705 | D:6      | Found Vealach's Antique Armour Boutique.
  4708 | D:6      | Bought a runed robe for 99 gold pieces
  4708 | D:6      | Bought a pair of glowing gloves for 202 gold pieces
  5032 | D:7      | Learned a level 3 spell: Inner Flame
  5036 | D:7      | Learned a level 3 spell: Volatile Blastmotes
  5041 | D:7      | Learned a level 4 spell: Flame Wave
  5046 | D:7      | Learned a level 4 spell: Sticky Flame
  5057 | D:7      | Noticed Jeremiah
  5097 | D:7      | Slain by Jeremiah

Illustrated notes

Levels and vault maps discovered:
D:1:      dpeg_arrival_circle_labyrinth_a, layout_basic, basic_ecumenical_altar
D:2:      layout_rooms
D:3:      layout_basic, general_overflow_altar,
          mainiacjoe_overflow_catch_the_wave
D:4:      layout_rooms, minmay_bent
D:5:      layout_rooms, nicolae_tso_swordbearing_angel,
          nicolae_gozag_zags_fifth_avenue, nicolae_elyvilon_temple_path,
          serial_undead, serial_undead_f, serial_undead_d, serial_undead_b,
          serial_undead_e
D:6:      nicolae_whirlpool, layout_rooms, minmay_temple_entry_waves,
          serial_shops, nicolae_shop_real_fake_doors
D:7:      layout_basic, fedhas_altar_1, minmay_lizard_king, uniq_joseph,
          uniq_jeremiah
Temple:   nicolae_temple_ecumenical_triangle

Skill      XL: |  1  2  3  4  5  6  7  8 |
---------------+-------------------------+-----
Dodging        | 2 |  2.5
Fire Magic     | 3 4 5 |  5.6
Stealth        | 2 3 4 |  4.5
Conjurations   | 2 3 |  3.3
Spellcasting   | 3 4 5 |  5.4
Fighting       | 1 2 3 4 |  4.3
Short Blades   | 1 2 3 |  3.7

Action                     |  1- 3 |  4- 6 |  7- 9 || total
---------------------------+-------+-------+-------++-------
  Melee: Dagger            |    16 |    19 |       ||    35
         Rapier            |       |     8 |    40 ||    48
   Cast: Foxfire           |    60 |   175 |    57 ||   292
         Scorch            |     2 |    21 |    53 ||    76
         Volatile Blastmot |       |       |     3 ||     3
         Inner Flame       |       |       |     1 ||     1
    Use: Potion            |     1 |       |       ||     1
         Scroll            |       |     7 |     4 ||    11
   Stab: Paralysed         |     5 |    13 |    23 ||    41
 Armour: Robe              |    30 |    18 |    40 ||    88
  Dodge: Dodged            |    51 |     9 |    39 ||    99

Table legend: (Time is in decaauts)
 A = Elapsed time spent in this place.
 B = Non-inter-level travel time spent in this place.
 C = Inter-level travel time spent in this place.
 D = Time resting spent in this place.
 E = Time spent auto-exploring this place.
 F = Levels seen in this place.
 G = Mean time per level.
                   A        B        C        D        E       F      G
               +--------+--------+--------+--------+--------+-----+--------+
         Total |   5102 |   4841 |    261 |      0 |   3876 |   8 |  637.8 |
       Dungeon |   5081 |   4820 |    261 |      0 |   3876 |   7 |  725.9 |
        Temple |     21 |     21 |      0 |      0 |      0 |   1 |   21.0 |
               +--------+--------+--------+--------+--------+-----+--------+

Top non-repeatable levels by time:
     D:1: 1166 daAuts
     D:4: 956 daAuts
     D:3: 850 daAuts
     D:5: 726 daAuts
     D:2: 680 daAuts
     D:6: 615 daAuts
     D:7: 84 daAuts
  Temple: 21 daAuts
